 Dungeon Crawl Stone Soup version 0.20.1-1-g8b1a95d (webtiles) character file.

5237 Linguinho the Grappler (level 10, -1/91 HPs)
             Began as a Troll Hunter on Nov 14, 2017.
             Slain by a seven-headed hydra (8 damage)
             ... on level 2 of the Lair of Beasts.
             The game lasted 00:21:00 (7525 turns).

Linguinho the Grappler (Troll Hunter)               Turns: 7525, Time: 00:21:01

Health: -1/91      AC:  6    Str: 25    XL:     10   Next: 35%
Magic:  9/9        EV: 11    Int:  7    God:
Gold:   730        SH:  0    Dex: 10    Spells: 9/9 levels left

rFire    + + .     SeeInvis .     - Unarmed
rCold    + + .     Gourm    +   (no shield)
rNeg     . . .     Faith    .   b - +1 robe
rPois    +         Spirit   .   (helmet restricted)
rElec    +         Reflect  .   E - scarf {rC+ rF+}
rCorr    +         Harm     .   (gloves unavailable)
MR       .....                  (boots unavailable)
Stlth    +.........             (no amulet)
Regen    0.7/turn               (no ring)
MPRegen  0.2/turn               (no ring)

@: resistant, very slightly contaminated, hasted, very quick
A: unfitting armour, claws 3, fast metabolism 3, gourmand, regeneration 1,
shaggy fur 1, tough skin 2
a: no special abilities


You were on level 2 of the Lair of Beasts.
You were near starving.

You visited 2 branches of the dungeon, and saw 10 of its levels.

You collected 730 gold pieces.

Inventory:

Missiles
 m - 3 large rocks (quivered)
 v - 5 tomahawks
Armour
 b - a +1 robe (worn)
 E - a scarf of resistance (worn)
Jewellery
 n - an uncursed ring of protection from cold {unknown}
 y - an uncursed amulet of guardian spirit {unknown}
Wands
 c - a wand of digging (5/24)
 o - a wand of acid (11/15)
 u - a wand of confusion (25/48)
 B - a wand of polymorph (18/24)
 F - a wand of confusion (33/48)
 N - a wand of iceblast (0/15)
 O - a wand of lightning (4/15)
Scrolls
 a - a scroll of fear {unknown}
 e - 2 scrolls of enchant armour
 h - 2 scrolls of recharging
 i - 3 scrolls of magic mapping
 j - a scroll of noise {unknown}
 q - 2 scrolls of amnesia {unknown}
 t - a scroll of immolation
 x - 3 scrolls of enchant weapon
 A - 2 scrolls of fog {unknown}
 C - a scroll of teleportation
 D - a scroll of remove curse {unknown}
 J - 4 scrolls of identify
 L - a scroll of summoning {unknown}
 Q - a scroll of brand weapon {unknown}
Potions
 k - 2 potions of brilliance
 p - 2 potions of haste
 w - a potion of cancellation
 z - a potion of mutation
 G - 2 potions of curing
 M - 2 potions of degeneration
Books
 H - a book of Changes

   Spells                             Type                      Level
   a - Beastly Appendage              Transmutation                1
   b - Sticks to Snakes               Transmutation                2
   c - Spider Form                    Transmutation/Poison         3
   d - Ice Form                       Ice/Transmutation            4
   e - Blade Hands                    Transmutation                5
 K - a book of Battle

   Spells                             Type                      Level
   a - Infusion                       Charms                       1
   b - Shroud of Golubria             Charms/Translocation         2
   c - Song of Slaying                Charms                       2
   d - Spectral Weapon                Hexes/Charms                 3
   e - Regeneration                   Charms/Necromancy            3
 P - a book of Debilitation

   Spells                             Type                      Level
   a - Corona                         Hexes                        1
   b - Slow                           Hexes                        2
   c - Inner Flame                    Hexes/Fire                   3
   d - Portal Projectile              Hexes/Translocation          3
   e - Cause Fear                     Hexes                        4
   f - Leda's Liquefaction            Hexes/Earth                  4
 S - a book of Air

   Spells                             Type                      Level
   a - Shock                          Conjuration/Air              1
   b - Swiftness                      Charms/Air                   2
   c - Static Discharge               Conjuration/Air              3
   d - Airstrike                      Air                          4
   e - Lightning Bolt                 Conjuration/Air              5
Comestibles
 f - 3 bread rations
 g - 4 fruits
 s - 3 meat rations
 I - 2 royal jellies


   Skills:
 + Level 3.4 Fighting
 * Level 6.8 Throwing
 + Level 4.3 Dodging
 - Level 0.3 Stealth
 * Level 12.2 Unarmed Combat
 * Level 0.9 Evocations


You had 9 spell levels left.
You didn't know any spells.

Dungeon Overview and Level Annotations

Branches:
Dungeon (8/15)             Temple (0/1) D:4            Lair (2/6) D:8
  Swamp: Lair:2-4    Shoals: Lair:2-4     Snake: Lair:2-4    Spider: Lair:2-4

Altars:
Nemelex Xobeh
Qazlal
Sif Muna
Xom
Yredelemnul
The Shining One

Shops:
D:7 [


Innate Abilities, Weirdness & Mutations

You are too large for most types of armour.
You have claws for hands.
Your metabolism is lightning-fast.
You like to eat raw meat.
Your natural rate of healing is unusually fast.
You are covered in fur. (AC +1)
You have very tough skin. (AC +2)


Message History

The blink frog blinks!
The blink frog hits you!
* * * LOW HITPOINT WARNING * * *
Throwing (i - inventory. (,) - cycle):
m - 5 large rocks (quivered)
Press: ? - help, Shift-Dir - straight line, f - blink frog
Aim: a blink frog (almost dead)
You throw a large rock. The large rock misses the blink frog.
The blink frog barely misses you. x2
Throwing (i - inventory. (,) - cycle):
m - 4 large rocks (quivered)
Press: ? - help, Shift-Dir - straight line, f/p - blink frog
Aim: a blink frog (almost dead)
You throw a large rock. The large rock hits the blink frog!!
You kill the blink frog!
Okay, then.
Okay, then.
You feel yourself speed up. The seven-headed hydra bites you.
* * * LOW HITPOINT WARNING * * *
The seven-headed hydra misses you. The seven-headed hydra bites you.
* * * LOW HITPOINT WARNING * * *
The seven-headed hydra bites you!
You die... ....P≈♣≈P≈P..# #≈P≈≈≈♣≈≈≈≈P≈P≈ ....PP♣♣♣≈≈..# ♣♣≈≈≈≈≈≈≈≈≈≈≈P≈ ....≈♣♣ ♣PPPP##

##♣♣≈≈≈≈§≈≈≈≈≈≈≈≈ ....≈≈♣
♣≈≈.≈≈###≈♣≈≈P≈≈≈≈≈≈≈≈≈≈≈
...P≈≈♣♣♣♣P.####≈≈≈≈≈P≈≈≈≈≈≈≈≈≈≈≈
..P≈≈≈≈♣♣≈≈..##≈≈≈≈≈≈≈≈≈≈≈≈≈≈≈≈≈≈
....P≈≈≈≈P.#####≈P(≈≈≈♣≈≈≈≈≈≈≈≈≈≈
≈....≈.PP........≈≈P≈≈≈≈≈≈≈≈≈≈≈≈≈
P....#........#.@D♣♣≈≈P♣≈F≈≈≈≈≈≈≈
P...............#F.(≈≈≈≈♣(≈≈P≈≈≈≈
......##P......###♣♣♣♣♣♣§≈P≈≈≈≈≈≈
.....###P......# ♣♣≈≈♣♣♣P≈♣
....## ##.....P# ##♣≈♣ P♣ #..##
#.....### ##♣ ....# ###...##
#..## ####.# #.## ###


You could see a seven-headed hydra and a blink frog.

Vanquished Creatures
  4 blink frogs (Lair:2)
  Sigmund (D:5)
  6 yaks (Lair:1)
  Edmund (D:5)
  2 water moccasins
  2 porcupines
  A black bear (D:6)
  An ice beast (D:5)
  A hornet zombie (D:8)
  A phantom (D:5)
  4 centaurs
  5 wolves (Lair:1)
  2 ogres
  3 crocodiles
  8 bullfrogs
  A scorpion (D:7)
  An electric eel (Lair:2)
  A howler monkey (D:7)
  3 crimson imps
  A centaur zombie (D:7)
  5 hounds
  Ijyb (D:3)
  A bullfrog skeleton (D:6)
  An orc wizard (D:4)
  An orc priest (D:4)
  Natasha (thrice) (D:4)
  4 worker ants
  7 gnolls
  10 adders
  A shadow imp (D:5)
  An ooze (D:1)
  2 worms
  5 leopard geckos
  14 orcs
  8 giant cockroaches
  11 goblins
  10 hobgoblins
  10 jackals
  5 quokkas
  A ball python (D:4)
  3 bats
  A frilled lizard (D:2)
  8 kobolds
  A quokka zombie (D:8)
  9 rats
  6 plants (Lair:2)
178 creatures vanquished.

Vanquished Creatures (others)
  A spiny frog (Lair:2)
  A bullfrog (Lair:2)
  3 fungi
  15 plants
20 creatures vanquished.

Grand Total: 198 creatures vanquished

Notes
Turn   | Place    | Note
-------+----------+-------------------------------------------
     0 | D:1      | Linguinho the Troll Hunter began the quest for the Orb.
     0 | D:1      | Reached XP level 1. HP: 19/19 MP: 0/0
   174 | D:1      | Reached XP level 2. HP: 21/27 MP: 1/1
   316 | D:1      | Reached skill level 1 in Unarmed Combat
   709 | D:2      | Reached XP level 3. HP: 33/33 MP: 2/2
   919 | D:2      | Reached skill level 2 in Unarmed Combat
  1134 | D:2      | Found a deep blue altar of Sif Muna.
  1134 | D:2      | Found a basalt altar of Yredelemnul.
  1409 | D:3      | Noticed a centaur
  1417 | D:3      | Killed a centaur
  1417 | D:3      | Reached skill level 3 in Unarmed Combat
  1417 | D:3      | Reached XP level 4. HP: 33/42 MP: 3/3
  1417 | D:3      | Reached XP level 5. HP: 39/49 MP: 4/4
  1768 | D:3      | Noticed Ijyb
  1782 | D:3      | Killed Ijyb
  1782 | D:3      | Reached skill level 4 in Unarmed Combat
  2185 | D:4      | Reached XP level 6. HP: 39/57 MP: 5/5
  2411 | D:4      | Found a staircase to the Ecumenical Temple.
  2412 | D:4      | Noticed Natasha
  2420 | D:4      | Killed Natasha
  2503 | D:4      | Noticed Natasha
  2509 | D:4      | Killed Natasha
  2740 | D:4      | Noticed Natasha
  2755 | D:4      | Killed Natasha
  2755 | D:4      | Reached skill level 5 in Unarmed Combat
  2808 | D:5      | Entered Level 5 of the Dungeon
  2929 | D:5      | Noticed Edmund
  3008 | D:5      | Killed Edmund
  3008 | D:5      | Reached skill level 6 in Unarmed Combat
  3008 | D:5      | Reached XP level 7. HP: 64/66 MP: 6/6
  3035 | D:5      | Noticed Sigmund
  3042 | D:5      | Killed Sigmund
  3144 | D:5      | Reached skill level 7 in Unarmed Combat
  3359 | D:5      | Reached XP level 8. HP: 51/74 MP: 7/7
  3364 | D:5      | Reached skill level 5 in Throwing
  3657 | D:6      | Reached skill level 8 in Unarmed Combat
  4147 | D:7      | Reached skill level 9 in Unarmed Combat
  4211 | D:7      | Found a stormy altar of Qazlal.
  4272 | D:7      | Found a sparkling altar of Nemelex Xobeh.
  4363 | D:7      | Found Vocaewuo's Armour Boutique.
  4482 | D:7      | Found a blossoming altar of Fedhas.
  4484 | D:7      | Found a glowing golden altar of the Shining One.
  4484 | D:7      | Found a shimmering altar of Xom.
  4486 | D:7      | Found a glowing golden altar of the Shining One.
  4486 | D:7      | Found a stormy altar of Qazlal.
  4486 | D:7      | Found a shimmering altar of Xom.
  4524 | D:7      | Found a glowing golden altar of the Shining One.
  4555 | D:8      | Found a staircase to the Lair.
  4698 | D:8      | Reached XP level 9. HP: 44/81 MP: 8/8
  5497 | Lair:1   | Entered Level 1 of the Lair of Beasts
  5501 | Lair:1   | Reached skill level 10 in Unarmed Combat
  5691 | Lair:1   | Reached skill level 11 in Unarmed Combat
  6176 | Lair:1   | Reached XP level 10. HP: 57/91 MP: 9/9
  7032 | Lair:2   | Noticed a six-headed hydra
  7260 | Lair:2   | HP: 2/91 [blink frog (13)]
  7507 | Lair:2   | Killed a spiny frog
  7521 | Lair:2   | Reached skill level 12 in Unarmed Combat
  7525 | Lair:2   | Slain by a seven-headed hydra

Skill      XL: |  1  2  3  4  5  6  7  8  9 10 |
---------------+-------------------------------+-----
Throwing       | 4 5 6 |  6.8
Unarmed Combat | 1 3 4 6 7 9 11 12 | 12.2
Dodging        | 2 3 4 |  4.3
Fighting       | 2 3 |  3.4
Stealth        | |  0.3
Evocations     | |  0.9

Action                   |  1- 3 |  4- 6 |  7- 9 | 10-12 || total
-------------------------+-------+-------+-------+-------++-------
Melee: Unarmed           |   139 |   121 |   254 |    44 ||   558
       Punch             |     3 |     2 |     6 |     5 ||    16
Throw: Large rock        |     2 |       |     3 |    13 ||    18
       Tomahawk          |       |     3 |    20 |     3 ||    26
       Throwing net      |       |       |       |     3 ||     3
Evoke: Wand              |       |       |       |     5 ||     5
  Use: Scroll            |       |     7 |     5 |     6 ||    18
       Potion            |       |       |     7 |     3 ||    10
 Stab: Sleeping          |     1 |       |     1 |       ||     2
  Eat: Chunk             |    19 |    14 |    29 |     3 ||    65
Armor: Robe              |    58 |    30 |    70 |     8 ||   166
       Skin              |       |       |     3 |     4 ||     7
Dodge: Dodged            |    96 |    77 |   133 |    30 ||   336
